 Dungeon Crawl Stone Soup version 0.25.1-2-g60ff931df9 (webtiles) character file.

Game seed: 3744841522506128056

272 HawFromDerth the Chopper (level 6, 0/56 HPs)
             Began as a Hill Orc Berserker on Sept 26, 2020.
             Was a Believer of Trog.
             Slain by a worker ant (4 damage)
             ... on level 4 of the Dungeon.
             The game lasted 00:04:49 (3769 turns).

HawFromDerth the Chopper (Hill Orc Berserker)       Turns: 3769, Time: 00:04:50

Health: 0/56       AC:  6    Str: 22    XL:     6   Next: 23%
Magic:  6/6        EV: 10    Int:  7    God:    Trog [**....]
Gold:   76         SH:  0    Dex: 10    Spells: 5/5 levels left

rFire    . . .     SeeInvis .   o - +0 war axe
rCold    . . .     Gourm    .   (no shield)
rNeg     . . .     Faith    .   a - +0 scale mail
rPois    .         Spirit   .   (no helmet)
rElec    .         Reflect  .   (no cloak)
rCorr    .         Harm     .   (no gloves)
MR       .....                  (no boots)
Stlth    ..........             (no amulet)
HPRegen  0.18/turn              (no ring)
MPRegen  0.10/turn              (no ring)

@: lethally poisoned (0 -> -1), berserk cooldown, slowed, very slow
A: no striking features
a: Berserk, Trog's Hand, Renounce Religion


You were on level 4 of the Dungeon.
You worshipped Trog.
Trog was pleased with you.
You were not hungry.

You visited 1 branch of the dungeon, and saw 4 of its levels.

You collected 76 gold pieces.

Inventory:

Hand Weapons
 o - a +0 war axe (weapon)
Armour
 a - a +0 scale mail (worn)
Jewellery
 e - an uncursed ring of ice {unknown}
 i - an uncursed amulet of the acrobat
 m - an uncursed ring of resist corrosion {unknown}
Wands
 j - a wand of random effects (21)
Scrolls
 b - 2 scrolls of identify
 d - 2 scrolls of magic mapping
 g - a scroll of blinking {unknown}
Potions
 c - 3 potions of flight {unknown}
 f - a potion of stabbing
 k - a potion of curing {unknown}
Comestibles
 l - 2 rations


   Skills:
 + Level 5.1 Fighting
 + Level 7.0 Axes
 + Level 3.1 Armour
 + Level 2.2 Dodging


You had 5 spell levels left.
You didn't know any spells.
Your spell library was empty.

Dungeon Overview and Level Annotations

Branches:
Dungeon (4/15)
 Temple: D:4-7

Altars:
Ashenzari
Dithmenos
Ru
Trog
Wu Jian
Zin

Shops:
D:2 *


Message History

You see here a +0 flail.
You feel a strong urge to attack something.
You start resting.
You feel sick.
A worker ant comes into view.
A worker ant is nearby!
A worker ant is nearby!
You feel your anger nearly subside.
You are no longer berserk.
You are exhausted.
You feel yourself slow down.
The worker ant twitches its antennae in your direction.
You barely miss the worker ant.
You feel sick. The worker ant barely misses you.
The worker ant bites you but does no damage.
You barely miss the worker ant. The worker ant bites you.
* * * LOW HITPOINT WARNING * * *
The worker ant misses you.
You slash the worker ant!
The worker ant is heavily wounded.
You feel sick. The worker ant bites you.
You die...

... ... #.#
############.#
#....<.....#.#
#.##.##[##.#.#
#....)#....#######
##.##.(...@a......
.......#)..########
#.......#....#
#.##.........# #.
#.#.......# #
#.#.#####.# #.#. ..
.. ... . ....


You could see a worker ant.

Vanquished Creatures
  An iguana (D:4)
  A worker ant (D:4)
  Terence (D:2)
  Natasha (thrice) (D:2)
  4 adders
  2 oozes
  An adder zombie (D:3)
  2 worms
  A dart slug (D:3)
  A leopard gecko (D:2)
  8 orcs
  A giant cockroach (D:3)
  10 goblins
  2 hobgoblins
  3 jackals (D:2)
  5 kobolds
  A quokka (D:3)
  A ball python (D:1)
  6 bats
  5 frilled lizards
  5 rats
64 creatures vanquished.

Notes
Turn   | Place    | Note
-------+----------+-------------------------------------------
     0 | D:1      | HawFromDerth the Hill Orc Berserker began the quest for the
                  | Orb.
     0 | D:1      | Reached XP level 1. HP: 19/19 MP: 1/1
   347 | D:1      | Reached XP level 2. HP: 24/27 MP: 2/2
   998 | D:1      | Gained mutation: You tend to lose your temper in combat.
                  | [potion of mutation]
   998 | D:1      | Lost mutation: You tend to lose your temper in combat.
                  | [potion of mutation]
  1073 | D:2      | Found Zin's Purification Station.
  1075 | D:2      | Found a glowing silver altar of Zin.
  1075 | D:2      | Noticed Natasha
  1089 | D:2      | Killed Natasha
  1089 | D:2      | Reached skill level 5 in Axes
  1089 | D:2      | Reached XP level 3. HP: 26/34 MP: 3/3
  1378 | D:2      | Noticed Terence
  1388 | D:2      | Killed Terence
  1388 | D:2      | Reached XP level 4. HP: 40/41 MP: 4/4
  1441 | D:2      | Noticed Natasha
  1452 | D:2      | Killed Natasha
  1452 | D:2      | Reached XP level 5. HP: 13/47 MP: 5/5
  1925 | D:2      | Noticed Natasha
  1938 | D:2      | Killed Natasha
  1938 | D:2      | Reached skill level 6 in Axes
  2022 | D:2      | Reached ** piety under Trog
  2079 | D:2      | Found an ornate altar of the Wu Jian Council.
  2376 | D:2      | Found a sacrificial altar of Ru.
  2379 | D:2      | Found a bloodstained altar of Trog.
  2416 | D:2      | Found a shadowy altar of Dithmenos.
  3164 | D:3      | Reached skill level 5 in Fighting
  3269 | D:3      | Found a shattered altar of Ashenzari.
  3748 | D:4      | Reached XP level 6. HP: 51/56 MP: 6/6
  3753 | D:4      | Reached skill level 7 in Axes
  3769 | D:4      | Slain by a worker ant

Illustrated notes

Levels and vault maps discovered:
D:1:      psy_arrival_conway, layout_loops_ring, minmay_distorted
D:2:      layout_loops_ring, marbit_many_paths, zin_purify, lemuel_round_altar,
          minitemple, uniq_terence, uniq_natasha
D:3:      layout_basic, cheibrodos_ashenzari_chains
D:4:      layout_loops_cross, first_ration, uniq_sigmund, uniq_eustachio,
          uniq_pikel

Skill      XL: |  1  2  3  4  5  6 |
---------------+-------------------+-----
Fighting       | 4 5 |  5.1
Axes           | 5 6 7 |  7.0
Dodging        | 2 |  2.2
Armour         | 3 |  3.1

Action                   |  1- 3 |  4- 6 || total
-------------------------+-------+-------++-------
Melee: Hand axe          |    64 |    74 ||   138
       War axe           |       |    60 ||    60
Invok: Berserk           |     1 |     2 ||     3
  Use: Scroll            |     5 |     3 ||     8
       Potion            |     3 |       ||     3
  Eat: Ration            |     1 |     2 ||     3
       Chunk             |       |     3 ||     3
Armor: Animal skin       |     8 |       ||     8
       Ring mail         |     6 |    25 ||    31
       Scale mail        |       |    17 ||    17
Dodge: Dodged            |    37 |    73 ||   110
